 Dungeon Crawl Stone Soup version 0.28-a0-1435-g82390b3a13 (webtiles) character file.

Game seed: 2870049751174056495

4 oldriver the Skirmisher (level 1, -4/18 HPs)
             Began as a Demonspawn Chaos Knight on Jan 9, 2022.
             Was a Plaything of Xom.
             Slain by a fire bat (5 damage)
             ... on level 2 of the Dungeon.
             The game lasted 00:00:47 (342 turns).

oldriver the Skirmisher (Demonspawn Chaos Knight)    Turns: 342, Time: 00:00:48

Health: -4/18      AC:  5    Str: 12    XL:     1   Next: 50%
Magic:  1/1        EV: 11    Int: 13    God:    Xom [...*..]
Gold:   19         SH:  0    Dex: 12    Spells: 0/0 levels left

rFire   . . .      SeeInvis .   a - +0 spear (chaos)
rCold   . . .      Faith    .   (no shield)
rNeg    . . .      Spirit   .   b - +2 leather armour
rPois   .          Reflect  .   (no helmet)
rElec   .          Harm     .   (no cloak)
rCorr   .          Rampage  .   (no gloves)
Will    .....                   (no boots)
Stlth   +.........              (no amulet)
HPRegen 0.06/turn               (no ring)
MPRegen 0.07/turn               (no ring)

@: no status effects
A: no striking features
a: Renounce Religion


You were on level 2 of the Dungeon.
You worshipped Xom.
You were a favourite toy of Xom.
You visited 1 branch of the dungeon, and saw 2 of its levels.

You collected 19 gold pieces.

Inventory:

Hand Weapons
 a - a +0 spear of chaos (weapon)
 c - a +2 vampiric rapier
Armour
 b - a +2 leather armour (worn)


   Skills:
 * Level 3.1 Fighting
 + Level 2.7 Polearms
 - Level 1.7 Armour
 + Level 1.0 Dodging


You couldn't memorise any spells.
You didn't know any spells.
Your spell library was empty.

Dungeon Overview and Level Annotations

Branches:
Dungeon (1/15)

Altars:


Message History

Your surroundings suddenly seem different.
Your surroundings suddenly seem different.
The bat moves out of view.
A sourceless malevolence fills the Dungeon...
You fall into a shaft and drop 1 floor!
The shaft crumbles and collapses.
Xom is amused.
A worm comes into view.
A worm is nearby!
A gnoll comes into view. It is wielding a +0 spear.
Found 13 gold pieces.
The gnoll shouts!
A gnoll comes into view. It is wielding a +0 spear.
A gnoll comes into view. It is wielding a +0 whip.
There are monsters nearby!
A worm comes into view.
An orc comes into view. It is wielding a +0 mace.
The orc shouts!
The orc throws a boomerang.
The boomerang barely misses you.
An orc comes into view.
It is wielding a +0 falchion. 3 orcs come into view.
Found a stone staircase leading down.
The orc shouts!
The orc throws a boomerang.
The boomerang barely misses you.
The orc throws a boomerang.
The boomerang hits you but does no damage. "Hum-dee-hum-dee-hum..."
The worm evaporates and reforms as a fire bat!
The fire bat closely misses you. The fire bat bites you.
You are engulfed in flames.
The fire bat bites you but does no damage.
As you read the scroll labelled LORIWEE OMODURR, it crumbles to dust.
It is a scroll of identify.
You don't have any unidentified items.
The fire bat bites you.
You are engulfed in flames.
* * * LOW HITPOINT WARNING * * *
Xom is highly amused!
The orc hits you but does no damage. The fire bat bites you.
You die...
Xom bursts into laughter!

#. .....o..##.# #..
#..##.#.#o..##.######..
.... #...............
..###......######.#
#.#o.###### #.#
#.###..#.# #.#
#....ooo.# #.#
#####bo### #g# #@.# #.#
#..# #.# #..# ##.#
####..# #... #.....#
#... #.###.# #... #.#
##### ####
#.###.####...#
#............########


You could see a fire bat and 5 orcs.

Vanquished Creatures
  2 goblins (D:1)
  A ball python (D:1)
  A kobold (D:1)
4 creatures vanquished.

Vanquished Creatures (collateral kills)
  A bat (D:1)
1 creature vanquished.

Grand Total: 5 creatures vanquished

Notes
Turn   | Place    | Note
-------+----------+-------------------------------------------
     0 | D:1      | oldriver the Demonspawn Chaos Knight began the quest for
                  | the Orb.
     0 | D:1      | Reached XP level 1. HP: 18/18 MP: 1/1
    78 | D:1      | XOM: silly message
   188 | D:1      | XOM: blink monster(s)
   190 | D:1      | Reached skill level 1 in Dodging
   256 | D:1      | XOM: 8-stop teleportation journey
   257 | D:1      | You fall into a shaft and drop 1 floor!
   336 | D:2      | Noticed a fire bat
   336 | D:2      | a worm changed into a fire bat
   336 | D:2      | XOM: polymorph worm -> fire bat
   342 | D:2      | Slain by a fire bat

Illustrated notes

Levels and vault maps discovered:
D:1:      tarquinn_simple_flora_water_d, layout_loops_ring, lemuel_flame_loot_1
D:2:      layout_loops_ring, uniq_natasha, uniq_sigmund

Skill      XL: |  1 |
---------------+----+-----
Dodging        | 1 |  1.0
Fighting       | |  3.1
Polearms       | |  2.7
Armour         | |  1.7

Action                   || total
-------------------------++-------
Melee: Spear             ||    24
  Use: Scroll            ||     1
Armor: Leather armour    ||    10
Dodge: Dodged            ||    11

Table legend: (Time is in decaauts)
 A = Elapsed time spent in this place.
 B = Non-inter-level travel time spent in this place.
 C = Inter-level travel time spent in this place.
 D = Time resting spent in this place.
 E = Time spent auto-exploring this place.
 F = Levels seen in this place.
 G = Mean time per level.
                   A        B        C        D        E       F      G
               +--------+--------+--------+--------+--------+-----+--------+
         Total |    341 |    334 |      7 |      0 |    229 |   2 |  170.5 |
       Dungeon |    341 |    334 |      7 |      0 |    229 |   2 |  170.5 |
               +--------+--------+--------+--------+--------+-----+--------+

Top non-repeatable levels by time:
     D:1: 256 daAuts
     D:2: 84 daAuts
